 Dungeon Crawl Stone Soup version 0.31-a0-986-g5e6e4ef867 (webtiles) character file.

Game seed: 3690493047799205668

101 pokeman the Magician (level 4, -9/25 HPs)
             Began as a Deep Elf Hedge Wizard on Nov 12, 2023.
             Mangled by an orc
             ... wielding a +4 flail of protection
              (13 damage)
             ... on level 3 of the Dungeon.
             The game lasted 00:06:07 (3506 turns).

pokeman the Magician (Deep Elf Hedge Wizard)        Turns: 3506, Time: 00:06:08

Health: -9/25      AC:  3    Str: 10    XL:     4   Next: 48%
Magic:  1/13       EV: 12    Int: 21    God:
Gold:   139        SH:  0    Dex: 14    Spells: 6/14 levels left

rFire   . . .        r - +8 dagger "Yrghecsada" {elec, rCorr Str+3}
rCold   . . .        (no shield)
rNeg    . . .        b - +0 robe
rPois   .            c - +0 hat
rElec   .            (no cloak)
rCorr   +            l - +0 pair of gloves
SInv    .            (no boots)
Will    +....        (no amulet)
Stlth   ++           m - ring of willpower
HPRegen 0.24/turn    (no ring)
MPRegen 0.13/turn

%: no passive effects
@: very slightly contaminated
A: no striking features
a: no special abilities


You were on level 3 of the Dungeon.
You visited 1 branch of the dungeon, and saw 4 of its levels.

You collected 139 gold pieces.

Inventory:

Hand Weapons
 a - a +0 dagger of venom
 r - the +8 dagger "Yrghecsada" (weapon) {elec, rCorr Str+3}
   (You found it on level 3 of the Dungeon)

   Str+3:     It affects your strength (+3).
   rCorr:     It protects you from acid and corrosion.
Armour
 b - a +0 robe (worn)
 c - a +0 hat (worn)
 l - a +0 pair of gloves (worn)
 u - the +3 ring mail of Izueg {Dex+3 Stlth+}
   (You found it on level 3 of the Dungeon)

   Dex+3:     It affects your dexterity (+3).
   Stlth+:    It makes you more stealthy.
Jewellery
 h - a ring of ice
 m - a ring of willpower (left hand)
Wands
 n - a wand of polymorph (13)
Scrolls
 f - 2 scrolls of blinking {unknown}
 g - 5 scrolls of identify {unknown}
 j - a scroll of brand weapon {unknown}
 p - 3 scrolls of teleportation {unknown}
 q - a scroll of summoning {unknown}
Potions
 d - 2 potions of magic
 e - 2 potions of resistance {unknown}
 i - 3 potions of mutation {unknown}
 k - a potion of might {unknown}
 o - a potion of enlightenment {unknown}
 s - 2 potions of curing {unknown}
 t - a potion of haste {unknown}


   Skills:
 - Level 1.0 Fighting
 - Level 1.0 Armour
 + Level 2.8 Dodging
 + Level 2.8 Stealth
 * Level 5.7 Spellcasting
 + Level 2.3 Conjurations
 - Level 1.1 Summonings
 - Level 1.1 Translocations


You had 6 spell levels left.
You knew the following spells:

 Your Spells              Type           Power      Damage    Failure   Level
a - Magic Dart            Conj           60%        1d6       3%          1
b - Mephitic Cloud        Conj/Pois/Air  9%         N/A       22%         3
c - Call Imp              Summ           20%        N/A       10%         2
d - Blink                 Tloc           20%        N/A       10%         2

Your spell library contained the following spells:

 Spells                   Type           Power      Damage    Failure   Level
 Summon Small Mammal      Summ           40%        N/A       6%          1
 Slow                     Hex            24%        N/A       10%         1
 Cigotuvi's Dreadful Rot  Necr/Pois/Air  12%        N/A       16%         2
 Call Canine Familiar     Summ           10%        N/A       19%         3
 Summon Guardian Golem    Hex/Summ       8%         N/A       24%         3


Dungeon Overview and Level Annotations

Branches:
Dungeon (4/15)
 Temple: D:4-7

Altars:

Shops:
D:2 (


Message History

Unknown command.
The orc looks very confused.
The orc hits you with a +4 flail of protection!
You climb upwards.
There is a stone staircase leading down here.
You barely miss the orc.
The orc hits you with a +4 flail of protection!
* * * LOW HITPOINT WARNING * * *
Unknown command.
Casting: Mephitic Cloud (extremely dangerous; 22% risk of failure)
Confirm with . or Enter, or press ? or * to list all spells.
You blink.
Unknown command.
Casting: Blink (safe; 10% risk of failure)
Confirm with . or Enter, or press ? or * to list all spells.
You don't have enough magic to cast this spell.
An orc is nearby!
Unknown command.
Press: ? - help, v - describe, . - travel
Here: an orc, wielding a +4 flail of protection and wearing a +0 ring mail The floor.
Unknown command.
Casting: Blink (safe; 10% risk of failure)
Confirm with . or Enter, or press ? or * to list all spells.
A tiny devil pulls itself out of the air.
Your cerulean imp misses the orc.
You hit the orc but do no damage. The orc completely misses you.
Your cerulean imp barely misses the orc.
You hit the orc but do no damage.
You feel ready to blink again.
The orc hits you with a +4 flail of protection.
* * * LOW HITPOINT WARNING * * *
Your cerulean imp hits the orc but does no damage.
Unknown command.
Your cerulean imp barely misses the orc.
The orc attacks as it pursues you! The orc barely misses you.
You completely miss the orc.
The orc hits you with a +4 flail of protection!
Ouch! That really hurt!
You die...

.##### #........................
÷....#########.:..###.##.########
..............>..........#.......
.....########..######.####.######
...†.# #..#......# #.......
####'########..5.##.#.###########
#.....................).)........
#...............o##'#.###########
#...............@#....#
#...........)....#....#####
#..........###.#.#........#
#..........###.#.#...####.#
#.......(...[..#.#...# #.#
#..........#####.#...# #)#######
#..........#####.##.#####.#.....#
#####........†......#.....#.###.#
#.##########.####.#####.# #.#


You could see an orc (ally target) and a friendly cerulean imp (summoned).

Vanquished Creatures
  2 adders (D:3)
  A worm (D:2)
  3 dart slugs
  4 orcs (D:3)
  6 ball pythons
  5 endoplasms
  3 giant cockroaches
  7 goblins
  9 hobgoblins
  3 jackals (D:2)
  2 quokkas
  5 bats
  6 frilled lizards
  7 kobolds
  3 rats
66 creatures vanquished.

Notes
Turn   | Place    | Note
-------+----------+-------------------------------------------
     0 | D:1      | pokeman the Deep Elf Hedge Wizard began the quest for the
                  | Orb.
     0 | D:1      | Reached XP level 1. HP: 10/10 MP: 7/7
   358 | D:1      | Found a faded altar of an unknown god.
   403 | D:1      | Reached XP level 2. HP: 15/15 MP: 5/9
  1005 | D:1      | Reached skill level 5 in Spellcasting
  1387 | D:2      | Reached XP level 3. HP: 20/20 MP: 9/11
  1391 | D:2      | Learned a level 3 spell: Mephitic Cloud
  1394 | D:2      | Learned a level 2 spell: Call Imp
  1397 | D:2      | Learned a level 2 spell: Blink
  1721 | D:2      | Reached skill level 1 in Fighting
  1738 | D:2      | Reached skill level 1 in Armour
  2008 | D:2      | Found Tuthram's Weapon Boutique.
  2424 | D:3      | Identified the +8 dagger "Yrghecsada" {elec, rCorr Str+3}
  2536 | D:3      | Reached XP level 4. HP: 25/25 MP: 5/13
  2999 | D:3      | Identified the +1 chain mail of Sloth {Int+3 Dex-5}
  3011 | D:3      | Identified the +3 ring mail of Izueg {Dex+3 Stlth+}
  3494 | D:4      | Noticed an ogre
  3506 | D:3      | Mangled by an orc

Illustrated notes

Levels and vault maps discovered:
D:1:      arrival_zaba_pyramid, layout_loops_cross,
          hellmonk_ecumenical_altar_run_dry, minmay_shallow_snake_nest
D:2:      layout_rooms, serial_shops, nicolae_shop_bloodbath_and_beyond,
          palyth_stone_intersect
D:3:      layout_basic, serial_park_tiny_2
D:4:      layout_cave_pools, dk_noncrumbling_2

Skill      XL: |  1  2  3 |
---------------+----------+-----
Spellcasting   | 5 |  5.7
Fighting       | 1 |  1.0
Armour         | 1 |  1.0
Conjurations   | 2 |  2.3
Dodging        | |  2.8
Stealth        | |  2.8
Summonings     | |  1.1
Translocations | |  1.1

Action                     |  1- 3 |  4- 6 || total
---------------------------+-------+-------++-------
  Melee: Dagger            |     2 |     4 ||     6
   Cast: Magic Dart        |   141 |    29 ||   170
         Mephitic Cloud    |       |     1 ||     1
         Blink             |       |     1 ||     1
         Call Imp          |       |     1 ||     1
 Armour: Robe              |     6 |     4 ||    10
  Dodge: Dodged            |    12 |     4 ||    16

Table legend: (Time is in decaauts)
 A = Elapsed time spent in this place.
 B = Non-inter-level travel time spent in this place.
 C = Inter-level travel time spent in this place.
 D = Time resting spent in this place.
 E = Time spent auto-exploring this place.
 F = Levels seen in this place.
 G = Mean time per level.
                   A        B        C        D        E       F      G
               +--------+--------+--------+--------+--------+-----+--------+
         Total |   3504 |   3418 |     86 |      0 |   3081 |   4 |  876.0 |
       Dungeon |   3504 |   3418 |     86 |      0 |   3081 |   4 |  876.0 |
               +--------+--------+--------+--------+--------+-----+--------+

Top non-repeatable levels by time:
     D:1: 1384 daAuts
     D:3: 1170 daAuts
     D:2: 943 daAuts
     D:4: 5 daAuts
